 Dungeon Crawl Stone Soup version 0.28.0 (webtiles) character file.

Game seed: 15699821992459656247

648 Illumine the Conjurer (level 7, -14/50 HPs)
             Began as a Hill Orc Air Elementalist on Feb 16, 2022.
             Demolished by Duvessa (16 damage)
             ... on level 4 of the Dungeon.
             The game lasted 00:08:17 (4199 turns).

Illumine the Conjurer (Hill Orc Air Elementalist)   Turns: 4199, Time: 00:08:18

Health: -14/50     AC:  3    Str: 17    XL:     7   Next: 53%
Magic:  0/10       EV: 12    Int: 17    God:
Gold:   134        SH:  0    Dex: 11    Spells: 2/10 levels left

rFire   . . .      SeeInvis .   b - +0 short sword
rCold   . . .      Faith    .   (no shield)
rNeg    . . .      Spirit   .   a - +0 robe
rPois   .          Reflect  .   o - +1 hat
rElec   .          Harm     .   (no cloak)
rCorr   .          Rampage  .   (no gloves)
Will    .....                   (no boots)
Stlth   ++........              (no amulet)
HPRegen 0.16/turn               r - +6 ring of strength
MPRegen 0.12/turn               (no ring)

@: no status effects
A: no striking features
a: no special abilities


You were on level 4 of the Dungeon.
You visited 1 branch of the dungeon, and saw 5 of its levels.

You collected 134 gold pieces.

Inventory:

Hand Weapons
 b - a +0 short sword (weapon)
Missiles
 d - 5 boomerangs
 k - 4 poisoned darts
Armour
 a - a +0 robe (worn)
 n - a +0 kite shield
 o - a +1 hat (worn)
Jewellery
 r - a +6 ring of strength (left hand)
Wands
 h - a wand of iceblast (6)
Scrolls
 e - 2 scrolls of blinking {unknown}
 g - a scroll of amnesia {unknown}
 j - 2 scrolls of magic mapping {unknown}
 m - 2 scrolls of identify {unknown}
 p - a scroll of enchant armour {unknown}
Potions
 c - a potion of brilliance {unknown}
 f - 2 potions of haste {unknown}
 i - a potion of resistance {unknown}
 l - a potion of curing {unknown}
 q - 2 potions of cancellation {unknown}


   Skills:
 - Level 1.5 Dodging
 - Level 1.5 Stealth
 - Level 2.0 Spellcasting
 - Level 5.0 Conjurations
 + Level 5.0 Air Magic
 - Level 2.4 Evocations


You had 2 spell levels left.
You knew the following spells:

 Your Spells              Type           Power      Damage    Failure   Level
a - Shock                 Conj/Air       72%        1d7       2%          1
b - Swiftness             Air            18%        N/A       8%          3
c - Airstrike             Air            9%         N/A       24%         4

Your spell library contained the following spells:

 Spells                   Type           Power      Damage    Failure   Level
 Static Discharge         Conj/Air       18%        N/A       3%          2


Dungeon Overview and Level Annotations

Branches:
Dungeon (5/15)
 Temple: D:4-7

Altars:
Elyvilon

Shops:
D:1 (

Annotations:
D:4 Blork the orc, Duvessa


Message History

The zap misses Duvessa.
The zap hits Duvessa!
Duvessa is severely wounded.
The zap hits Dowan.
You kill Dowan!
Duvessa weeps, and shakes her weapon.
Duvessa goes berserk!
Duvessa hits you with a +0 short sword! Duvessa hits you with a +0 short sword.
Your Air Magic skill increases to level 5!
Unknown command.
Casting: Shock (safe; 2% risk of failure)
Confirm with . or Enter, or press ? or * to list all spells.
Aiming: Shock (safe; 2% risk of failure)
Press: ? - help, Shift-Dir - straight line The zap misses Duvessa. x2; Duvessa closely misses you.
Unknown command.
Casting: Shock (safe; 2% risk of failure)
Confirm with . or Enter, or press ? or * to list all spells.
Aiming: Shock (safe; 2% risk of failure)
Press: ? - help, Shift-Dir - straight line The zap misses Duvessa.
The zap hits Duvessa.
Duvessa is severely wounded.
Duvessa hits you with a +0 short sword! Duvessa hits you with a +0 short sword.
* * * LOW HITPOINT WARNING * * *
Unknown command.
Casting: Shock (safe; 2% risk of failure)
Confirm with . or Enter, or press ? or * to list all spells.
Aiming: Shock (safe; 2% risk of failure)
Press: ? - help, Shift-Dir - straight line The zap hits Duvessa.
Duvessa is almost dead.
The zap hits Duvessa.
Duvessa is almost dead.
Duvessa hits you with a +0 short sword!
* * * LOW HITPOINT WARNING * * *
Okay, then.
Okay, then.
You hit Duvessa.
Duvessa is almost dead.
Duvessa hits you with a +0 short sword!
You die...

.e.####.#..# #.#
#.# #)## #.#..# #.#
#.# #.# #e#..# #.#
#.# #.# #.#..# #.#
#.# #.#
#.#..####### #.#
#.# #.##
#.#......... #.###
...####.##.#######
#...#
...........([<)e.#
###.#
...##.######.###@##
#.## #.# #<#
#.##...#### #...
#.# #e# #....(....#
#### #.###.#
####...##.# #
....>.#
##.###.###### #
#######
#...........# # #
#.<###.####.# # ##
#..# #.# #.# # .#
#..###.# #.# #


You could see Duvessa (berserk).

Vanquished Creatures
  Grinder (D:3)
  3 necrophages
  Dowan (D:4)
  A jelly (D:4)
  Natasha (D:3)
  3 adders
  An adder skeleton (D:4)
  A worm (D:4)
  A dart slug (D:3)
  2 orcs
  5 ball pythons
  6 bats
  6 endoplasms
  2 giant cockroaches
  7 goblins
  6 hobgoblins
  4 jackals (D:3)
  3 quokkas
  2 frilled lizards (D:2)
  7 kobolds
  7 rats
70 creatures vanquished.

Notes
Turn   | Place    | Note
-------+----------+-------------------------------------------
     0 | D:1      | Illumine the Hill Orc Air Elementalist began the quest for
                  | the Orb.
     0 | D:1      | Reached XP level 1. HP: 14/14 MP: 3/3
   241 | D:1      | Reached XP level 2. HP: 20/20 MP: 0/4
   319 | D:1      | Found a faded altar of an unknown god.
   740 | D:1      | Found Juomuqomn's Weapon Boutique.
  1017 | D:2      | Reached XP level 3. HP: 24/26 MP: 1/6
  1250 | D:2      | HP: 1/26 [poisoned by an adder]
  1670 | D:2      | Noticed a necrophage
  1688 | D:2      | Killed a necrophage
  1689 | D:2      | Reached XP level 4. HP: 3/33 MP: 0/7
  1689 | D:2      | Reached XP level 5. HP: 4/38 MP: 0/8
  2532 | D:3      | Learned a level 3 spell: Swiftness
  2915 | D:3      | Noticed Natasha
  2917 | D:3      | Noticed Grinder
  2921 | D:3      | Killed Natasha
  2922 | D:3      | Reached skill level 1 in Evocations
  2943 | D:3      | Killed Grinder
  2944 | D:3      | Reached XP level 6. HP: 33/45 MP: 2/9
  3151 | D:3      | Identified the +0 ring mail of Orthodoxy {*Slow rF+ Will+}
  3568 | D:4      | Noticed Blork the orc
  3752 | D:4      | Noticed a necrophage
  3760 | D:4      | Killed a necrophage
  3761 | D:4      | Reached XP level 7. HP: 50/50 MP: 2/10
  3904 | D:4      | Found a white marble altar of Elyvilon.
  3917 | D:4      | Reached skill level 5 in Conjurations
  3979 | D:4      | Learned a level 4 spell: Airstrike
  4092 | D:4      | Noticed Duvessa
  4092 | D:4      | Noticed Dowan
  4115 | D:5      | Entered Level 5 of the Dungeon
  4136 | D:5      | Noticed a yak
  4136 | D:5      | Noticed a two-headed ogre
  4195 | D:4      | Killed Dowan
  4196 | D:4      | Reached skill level 5 in Air Magic
  4198 | D:4      | HP: 2/50 [Duvessa (10)]
  4199 | D:4      | Demolished by Duvessa

Illustrated notes

Levels and vault maps discovered:
D:1:      dpeg_arrival_more_subterranean_lakeside_camping, layout_rooms,
          serial_shops, shop, dreamdust_ecumenical_altar_statues
D:2:      layout_basic
D:3:      layout_basic, uniq_natasha, uniq_grinder
D:4:      layout_loops_ring, elyvilon_altar_1, uniq_blork_the_orc,
          uniq_eustachio, uniq_duvessa
D:5:      layout_basic, general_overflow_altar, minmay_chambers_of_fives

Skill      XL: |  1  2  3  4  5  6  7 |
---------------+----------------------+-----
Spellcasting   | 2 |  2.0
Conjurations   | 3 4 5 |  5.0
Air Magic      | 3 4 5 |  5.0
Evocations     | 2 |  2.4
Dodging        | |  1.5
Stealth        | |  1.5

Action                   |  1- 3 |  4- 6 |  7- 9 || total
-------------------------+-------+-------+-------++-------
Melee: Short sword       |    22 |    18 |     6 ||    46
       Unarmed           |     4 |       |       ||     4
 Cast: Shock             |    58 |    73 |    25 ||   156
Evoke: Wand              |     2 |     3 |       ||     5
 Stab: Sleeping          |       |     1 |       ||     1
Armor: Robe              |    15 |     4 |       ||    19
Dodge: Dodged            |    42 |    13 |     9 ||    64
